AoeStats
← 太阳当空照

Arena

509348695Analyzed
4v4 RM · 7d ago on Sep 26, 2026· 57m 56s· 8 players
Game mode
Random Map
Map size
Large (8 player)
Population
200
Speed
Normal
Resources
Standard
Victory
Conquest
Starting age
Dark Age
Ending age
Imperial Age
RankedLock teamsTeams togetherTeam positionsShared explorationLock speedFull tech treeHidden civsTurbo modeCheats
Victory
Defeat
🇨🇳 Spanish · China
1199
+17
🇨🇳 Franks · China
1191
+17
🇨🇳 Spanish · China
1190
+17
🇨🇳 Persians · China
1102
+21
🇭🇰 Vietnamese · Hong Kong SAR China
1258
-20
🇭🇰 Teutons · Hong Kong SAR China
1209
-18
🇷🇺 Portuguese · Russia
1201
-17
🇲🇴 Vikings · Macao SAR China
1188
-17
ddddeeer
10:43 Feudal Age
14:24 Castle Age
12:28 Double-Bit Axe
13:09 Horse Collar
15:19 Bow Saw
19:08 Wheelbarrow
20:40 Heavy Plow
22:14 Hand Cart
21:56 Loom
21:56 Town Watch
22:08 Town Watch
24:16 Gold Mining
27:02 Scale Barding Armor
27:08 Forging
30:58 Imperial Age
28:56 Chain Barding Armor
29:11 Iron Casting
28:38 Stone Mining
30:00 Iron Casting
30:53 Bloodlines
31:04 Cavalier
32:24 Plate Barding Armor
32:50 Blast Furnace
32:57 Paladin
34:13 Scale Mail Armor
38:16 Chain Mail Armor
37:23 Pikeman
38:29 Squires
39:02 Halberdier
40:01 Arson
40:47 Conscription
39:54 Capped Ram
43:27 Hoardings
43:35 Crenellations
43:55 Hoardings
43:42 Crenellations
43:48 Masonry
43:29 Heated Shot
44:02 Ballistics
44:59 Stone Shaft Mining
46:05 Plate Mail Armor
45:25 Fletching
52:14 Two-Man Saw
Barbaren
0:28 Loom
2:04 Loom
10:56 Feudal Age
15:28 Castle Age
13:21 Double-Bit Axe
13:58 Stone Mining
15:31 Gold Mining
18:10 Horse Collar
24:28 Fletching
25:52 Heavy Plow
31:24 Bow Saw
32:35 Gold Shaft Mining
37:42 Bodkin Arrow
41:30 Imperial Age
39:19 Squires
40:30 Chieftains
40:38 Scale Mail Armor
41:02 Pikeman
42:53 Conscription
42:58 Chain Mail Armor
43:27 Crop Rotation
43:59 Two-Man Saw
44:09 Plate Mail Armor
45:03 Forging
45:48 Hoardings
46:12 Iron Casting
46:25 Elite Skirmisher
47:00 Sappers
46:52 Capped Ram
46:59 Imperial Skirmisher
47:43 Bracer
47:44 Padded Archer Armor
49:13 Siege Ram
51:33 Leather Archer Armor
51:08 Arson
53:33 Blast Furnace
56:12 Ring Archer Armor
56:03 Scale Barding Armor
ocheda
10:23 Feudal Age
12:55 Double-Bit Axe
15:21 Castle Age
13:42 Fletching
22:03 Elite Skirmisher
Taleshire
12:27 Feudal Age
16:28 Castle Age
14:27 Horse Collar
15:16 Double-Bit Axe
17:34 Heavy Plow
17:50 Bow Saw
17:36 Loom
19:23 Wheelbarrow
24:23 Stone Mining
25:12 Hand Cart
27:39 Imperial Age
25:28 Fletching
26:31 Bodkin Arrow
28:35 Siege Engineers
29:04 Crop Rotation
30:39 Chemistry
30:00 Ballistics
29:44 Bracer
29:40 Gold Mining
32:01 Stone Shaft Mining
33:37 Conscription
34:37 Padded Archer Armor
34:43 Scale Barding Armor
35:11 Elite Organ Gun
37:17 Arquebus
42:34 Leather Archer Armor
45:21 Pikeman
45:46 Arson
47:16 Halberdier
48:33 Scale Mail Armor
48:44 Forging
50:23 Block Printing
51:00 Chain Mail Armor
51:20 Iron Casting
52:22 Plate Mail Armor
646257513
11:02 Feudal Age
15:23 Castle Age
13:28 Double-Bit Axe
15:07 Gold Mining
17:13 Bow Saw
18:17 Loom
27:08 Wheelbarrow
30:54 Imperial Age
29:05 Hand Cart
29:20 Town Watch
30:32 Gold Shaft Mining
30:43 Husbandry
31:16 Cavalier
32:04 Town Patrol
32:44 Scale Barding Armor
33:30 Forging
33:12 Paladin
34:40 Chain Barding Armor
35:22 Iron Casting
35:21 Conscription
35:03 Chivalry
36:18 Plate Barding Armor
38:42 Blast Furnace
39:59 Fletching
44:42 Elite Throwing Axeman
45:57 Ordonnance Companies
48:38 Chemistry
47:58 Ballistics
47:35 Murder Holes
50:04 Padded Archer Armor
50:00 Bodkin Arrow
57:27 Leather Archer Armor
小虾米
10:40 Feudal Age
14:32 Castle Age
12:36 Double-Bit Axe
13:33 Horse Collar
13:46 Fletching
13:48 Loom
15:58 Bow Saw
24:31 Padded Archer Armor
28:59 Leather Archer Armor
37:24 Imperial Age
34:49 Gold Mining
34:50 Stone Mining
39:45 Chemistry
40:35 Wheelbarrow
39:45 Town Watch
41:08 Two-Man Saw
41:14 Conscription
43:15 Fortified Wall
47:58 Hand Cart
太阳当空照
10:45 Feudal Age
14:43 Castle Age
12:59 Double-Bit Axe
13:28 Horse Collar
14:47 Padded Archer Armor
24:27 Leather Archer Armor
24:09 Fletching
30:46 Bodkin Arrow
34:30 Husbandry
36:02 Bloodlines
37:34 Wheelbarrow
36:45 Loom
44:29 Imperial Age
45:54 Fortified Wall
47:40 Chemistry
47:02 Ballistics
49:17 Hand Cart
56:21 Bow Saw
10001
3:30 Loom
10:50 Feudal Age
14:36 Castle Age
12:42 Double-Bit Axe
21:49 Horse Collar
25:12 Wheelbarrow
25:25 Gold Mining
25:50 Bow Saw
29:15 Imperial Age
27:32 Scale Barding Armor
27:53 Ballistics
27:30 Murder Holes
27:47 Heavy Plow
28:45 Bloodlines
28:37 Husbandry
29:04 Chain Barding Armor
29:12 Forging
29:37 Masonry
29:22 Fletching
29:18 Cavalier
31:05 Conscription
32:15 Architecture
36:45 Conscription
37:23 Hoardings
37:30 Gold Shaft Mining
37:28 Crop Rotation
37:07 Stone Mining
38:44 Hand Cart
39:17 Plate Barding Armor
40:50 Stone Shaft Mining
40:02 Town Watch
40:59 Iron Casting
40:49 Town Patrol
41:36 Conscription
41:35 Savar
44:03 Blast Furnace
44:06 Chemistry
46:35 Scale Mail Armor
46:31 Bodkin Arrow
49:24 Two-Man Saw
48:42 Chain Mail Armor
49:22 Padded Archer Armor
50:05 Citadels
51:44 Light Cavalry
55:01 Hussar
56:51 Plate Mail Armor
56:24 Kamandaran
Connection lost

Rejoining the realm…

Still unreachable

The connection could not be restored.

Session expired

The server has moved on; the page needs a fresh start.